 Dungeon Crawl Stone Soup version 0.30-a0-845-g7c6808c (webtiles) character file.

Game seed: 10887057062085668542

8 Illumine the Vexing (level 1, 0/16 HPs)
             Began as a Demigod Hexslinger on Mar 3, 2023.
             Frozen to death by an endoplasm (4 damage)
             ... on level 1 of the Dungeon.
             The game lasted 00:00:39 (302 turns).

Illumine the Vexing (Demigod Hexslinger)             Turns: 302, Time: 00:00:40

Health: 0/16       AC:  2    Str: 11    XL:     1   Next: 80%
Magic:  3/4        EV:  9    Int: 15    God:
Gold:   65         SH:  0    Dex: 14    Spells: 1/2 levels left

rFire   . . .      SeeInvis .    a - +1 sling
rCold   . . .      Faith    .    (no shield)
rNeg    . . .      Spirit   .    c - +0 robe
rPois   .          Reflect  .    (no helmet)
rElec   .          Rampage  .    (no cloak)
rCorr   .                        (no gloves)
Will    .....                    (no boots)
Stlth   +                        (no amulet)
HPRegen 0.22/turn                (no ring)
MPRegen 0.09/turn                (no ring)

@: constricted
A: high MP 1, forlorn, divine attributes
a: no special abilities


You were on level 1 of the Dungeon.
You visited 1 branch of the dungeon, and saw 1 of its levels.

You collected 65 gold pieces.

Inventory:

Hand Weapons
 a - a +1 sling (weapon)
Armour
 c - a +0 robe (worn)
Scrolls
 b - a scroll of poison
 e - a scroll of fear {unknown}
 f - 2 scrolls of teleportation {unknown}
Potions
 d - 3 potions of ambrosia {unknown}


   Skills:
 - Level 1.0 Fighting
 * Level 2.0 Ranged Weapons
 - Level 1.8 Dodging
 + Level 1.1 Spellcasting
 + Level 2.8 Hexes


You had one spell level left.
You knew the following spells:

 Your Spells              Type           Power      Damage    Failure   Level
a - Slow                  Hex            36%        N/A       8%          1

Your spell library contained the following spells:

 Spells                   Type           Power      Damage    Failure   Level
 Inner Flame              Hex/Fire       5%         N/A       38%         3
 Portal Projectile        Hex/Tloc       10%        N/A       38%         3
 Cause Fear               Hex            4%         N/A       58%         4


Dungeon Overview and Level Annotations

Branches:
Dungeon (1/15)


Innate Abilities, Weirdness & Mutations

You have an increased reservoir of magic. (+10% MP)
You shall have no god before yourself.
Your divine heritage dramatically boosts your attributes as you level up.


Message History

You hear an angry hiss.
Fire: a) +1 sling
Press: ? - help, Shift-Dir - straight line, f - you Really target yourself? [Y]es or [N]o only, please.
Really target yourself?
An endoplasm and a ball python come into view.
The ball python hisses angrily.
The ball python moves out of view.
Fire: a) +1 sling
Press: ? - help, Shift-Dir - straight line, f - endoplasm
Aim: an endoplasm (85% to hit)
You shoot a sling bullet.
The sling bullet hits the endoplasm but does no damage.
The endoplasm freezes you.
You are frozen.
Fire: a) +1 sling
Press: ? - help, Shift-Dir - straight line, f/p - endoplasm
Aim: an endoplasm (85% to hit)
You shoot a sling bullet.
The sling bullet hits the endoplasm but does no damage.
The endoplasm freezes you.
You are frozen.
The endoplasm freezes you.
You are frozen.
Fire: a) +1 sling
Press: ? - help, Shift-Dir - straight line, p - endoplasm The ball python bites you.
The ball python grabs you. The ball python constricts you.
Aiming: Slow (safe; 8% risk of failure)
Press: ? - help, Q - select action, (/) - cycle Shift-Dir - straight line, f/p - endoplasm
Aim: an endoplasm (chance to affect: 61%)
The ball python seems to slow down.
The ball python's grasp on you weakens, but your attempt to escape fails.
The ball python bites you.
* * * LOW HITPOINT WARNING * * *
The ball python constricts you. The endoplasm freezes you.
You are frozen.
You die...

#.## #. .. ..# . #. #.#
#.# .. #. #.#####.## ...
#. ###.##....#. . .. #.
#....#....#. ...#.#.
#....#....#.
.......#######....#....#.
.......S@.........#....#.
##....#J######...........
#... #.# #....#....#. ###
#†# #....######. #.#
##.### #.
#.#######.########.
#..................
..........#########
.#########


You could see an endoplasm and a ball python (slow).

Vanquished Creatures
  A dart slug (D:1)
  2 giant cockroaches (D:1)
  A hobgoblin (D:1)
  A ball python (D:1)
  A bat (D:1)
6 creatures vanquished.

Notes
Turn   | Place    | Note
-------+----------+-------------------------------------------
     0 | D:1      | Illumine the Demigod Hexslinger began the quest for the
                  | Orb.
     0 | D:1      | Reached XP level 1. HP: 15/15 MP: 4/4
    68 | D:1      | Reached skill level 1 in Fighting
   302 | D:1      | Frozen to death by an endoplasm

Illustrated notes

Levels and vault maps discovered:
D:1:      psy_arrival_fountain, layout_basic, minmay_misc_feat_rows

Skill      XL: |  1 |
---------------+----+-----
Fighting       | 1 |  1.0
Ranged Weapons | 2 |  2.0
Dodging        | |  1.8
Spellcasting   | |  1.1
Hexes          | |  2.8

Action                     || total
---------------------------++-------
   Fire: Sling             ||    23
   Cast: Slow              ||     5
 Armour: Robe              ||     2
  Dodge: Dodged            ||    10

Table legend: (Time is in decaauts)
 A = Elapsed time spent in this place.
 B = Non-inter-level travel time spent in this place.
 C = Inter-level travel time spent in this place.
 D = Time resting spent in this place.
 E = Time spent auto-exploring this place.
 F = Levels seen in this place.
 G = Mean time per level.
                   A        B        C        D        E       F      G
               +--------+--------+--------+--------+--------+-----+--------+
         Total |    309 |    309 |      0 |      8 |    251 |   1 |  309.0 |
       Dungeon |    309 |    309 |      0 |      8 |    251 |   1 |  309.0 |
               +--------+--------+--------+--------+--------+-----+--------+

Top non-repeatable levels by time:
     D:1: 309 daAuts
